 Dungeon Crawl Stone Soup version 0.26-a0-712-ga5a9c9c9d0 (webtiles) character file.

Game seed: 13916023813450719508

159304 ipx the Scorcher (level 16, -8/94 HPs)
             Began as a Deep Elf Earth Elementalist on Nov 2, 2020.
             Was the Champion of Vehumet.
             Mangled by an emperor scorpion (10 damage)
             ... on level 4 of the Spider Nest on Nov 3, 2020.
             The game lasted 03:58:46 (10495 turns).

ipx the Scorcher (Deep Elf Earth Elementalist)     Turns: 10495, Time: 03:58:46

Health: -8/94      AC: 16    Str:  7 (9)  XL:     16   Next: 89%
Magic:  0/46       EV: 27    Int: 31 (33) God:    Vehumet [******]
Gold:   538        SH:  7    Dex: 14 (15) Spells: 2/43 levels left

rFire    . . .     SeeInvis .   b - +9 staff of Olgreb {rPois∞}
rCold    . . .     Faith    .   Q - +2 buckler {AC+3}
rNeg     . . .     Spirit   .   T - +2 robe {Archmagi}
rPois    ∞         Reflect  .   D - +3 hat of Pondering {ponderous, MR+ MP+10 Int+5}
rElec    .         Harm     .   O - +2 cloak
rCorr    +         Rampage  .   u - +0 pair of gloves
MR       ++...                  X - +1 pair of boots
Stlth    +++.......             A - amulet of the acrobat
HPRegen  0.25/turn              e - +4 ring of evasion
MPRegen  0.30/turn              C - ring of Satisfaction {rCorr Str+4}

@: slow
A: no striking features
}: 1/15 runes: barnacled
a: Renounce Religion


You were on level 4 of the Spider Nest.
You worshipped Vehumet.
Vehumet was exalted by your worship.
You visited 5 branches of the dungeon, and saw 31 of its levels.
You also visited: Gauntlet and Volcano.

You collected 1813 gold pieces.
You spent 1275 gold pieces at shops.

Inventory:

Hand Weapons
 b - the +9 staff of Olgreb (weapon) {rPois∞}
   (You found it on level 10 of the Dungeon)

   It grants immunity to poison.
Missiles
 U - 135 stones (quivered)
Armour
 i - a +0 troll leather armour
 u - a +0 pair of gloves (worn)
 D - the +3 hat of Pondering (worn) {ponderous, MR+ MP+10 Int+5}
   (You took it off Gastronok on level 10 of the Dungeon)

   It affects your intelligence (+5).
   It affects your resistance to hostile enchantments.
   It affects your magic capacity (+10).
 O - a +2 cloak (worn)
 Q - a +2 buckler of protection (worn)
 T - a +2 robe of the Archmagi (worn)
 X - a +1 pair of boots (worn)
Magical Staves
 a - an uncursed staff of fire
 d - an uncursed staff of death
 l - an uncursed staff of air
Jewellery
 e - a +4 ring of evasion (left hand)
 f - the ring of Natenoll {Fire rN++ Int+2}
   (You found it in a Gauntlet)

   [ring of fire]

   It enhances your fire magic.
   It affects your intelligence (+2).
   It protects you from fire.
   It makes you vulnerable to cold.
   It greatly protects you from negative energy.
 y - a +4 ring of slaying
 A - an amulet of the acrobat (around neck)
 C - the ring of Satisfaction (right hand) {rCorr Str+4}
   (You acquired it on level 4 of the Lair of Beasts)

   [ring of resist corrosion]

   It affects your strength (+4).
   It provides partial protection from all sources of acid and corrosion.
 E - an uncursed ring of positive energy
 F - an uncursed ring of protection from fire
 I - an uncursed ring of ice
 W - an uncursed ring of wizardry
Wands
 v - a wand of acid (1)
 w - a wand of paralysis (7)
 z - a wand of enslavement (9)
 M - a wand of disintegration (8)
 R - a wand of digging (6)
Scrolls
 g - 7 scrolls of enchant weapon
 h - a scroll of immolation
 j - 16 scrolls of remove curse
 m - 4 scrolls of amnesia
 p - 4 scrolls of teleportation
 q - a scroll of fog
 r - a scroll of summoning
 B - 3 scrolls of identify
 K - 3 scrolls of enchant armour
 N - a scroll of fear
 Y - a scroll of vulnerability
Potions
 c - a potion of curing
 k - 9 potions of lignification
 n - 2 potions of magic
 o - 2 potions of brilliance
 t - 2 potions of haste
 x - 2 potions of flight
 H - 3 potions of berserk rage
 P - 4 potions of cancellation
Miscellaneous
 J - a lightning rod (1/4)
 S - a box of beasts (3/3)


   Skills:
 + Level 8.4 Fighting
 - Level 6.0 Staves
 - Level 16.0 Dodging
 - Level 7.0 Stealth
 - Level 4.0 Shields
 + Level 14.4 Spellcasting
 - Level 9.0 Conjurations
 - Level 1.1 Transmutations
 + Level 17.7 Fire Magic
 - Level 10.0 Earth Magic
 - Level 12.0 Evocations


You had 2 spell levels left.
You knew the following spells:

 Your Spells              Type           Power        Failure   Level
a - Apportation           Tloc           ####..       1%          1
f - Fireball              Conj/Fire      ########..   1%          5
h - Iron Shot             Conj/Erth      #######...   1%          6
m - Bolt of Magma         Conj/Fire/Erth #######...   1%          5
q - Sandblast             Erth           ######       1%          1
s - Spellforged Servitor  Conj/Summ      ######....   54%         7
u - Starburst             Conj/Fire      ########..   1%          6
w - Passwall              Tmut/Erth      ######..     1%          2
I - Ignite Poison         Fire/Tmut/Pois #######.     1%          3
R - Irradiate             Conj/Tmut      ######....   2%          5

Your spell library contained the following spells:

 Spells                   Type           Power        Failure   Level
 Chain Lightning          Conj/Air       ######....   99%         8
 Foxfire                  Conj/Fire      ####         0%          1
 Animate Skeleton         Necr           ####..       1%          1
 Beastly Appendage        Tmut           #####.       1%          1
 Corona                   Hex            ####...      1%          1
 Pain                     Necr           ####         1%          1
 Summon Small Mammal      Summ           ####         1%          1
 Wereblood                Tmut           #####...     1%          2
 Stone Arrow              Conj/Erth      ######       1%          3
 Lee's Rapid Deconstruct  Erth           #######...   1%          5
 Petrify                  Tmut/Erth      ######..     2%          4
 Ignition                 Fire           ########..   2%          8
 Spider Form              Tmut/Pois      ######....   4%          3
 Vampiric Draining        Necr           ####......   6%          3
 Ice Form                 Ice/Tmut       #####...     17%         4
 Animate Dead             Necr           ####......   21%         4
 Blade Hands              Tmut           #####.....   36%         5
 Agony                    Necr           ####....     50%         5
 Malign Gateway           Summ/Tloc      ####......   100%        7
 Monstrous Menagerie      Summ           ####......   100%        7
 Summon Greater Demon     Summ           ####......   100%        7
 Summon Horrible Things   Summ           ####......   100%        8


Dungeon Overview and Level Annotations

Branches:
Dungeon (15/15)            Temple (0/1) D:7            Lair (6/6) D:9
 Shoals (4/4) Lair:2       Spider (4/4) Lair:2        Slime (0/5) Lair:5
    Orc (2/2) D:9          Vaults (0/5) D:13        Volcano (visited)
Gauntlet (visited)
    Elf: Orc:2       Depths: D:15

Altars:
Ashenzari
Dithmenos
Kikubaaqudgha
Okawaru
Qazlal
Ru
Trog
Vehumet
Xom
Beogh

Shops:
Orc:1 :   Orc:2 ([

Annotations:
D:2 Robin
D:10 1 runed translucent door
D:11 Snorg
D:12 2 transporters, Tewugriw's ghost, journeyman DDFi
D:13 Rupert
Spider:3 3 runed translucent doors


Message History

Something completely misses you. Something misses you.
You block the emperor scorpion's attack.
The emperor scorpion misses you.
The emperor scorpion completely misses you.
Found a gossamer rune of Zot and 3 potions of ambrosia.
An emperor scorpion comes into view.
Casting: Fireball (safe; 1% risk of failure)
Confirm with . or Enter, or press ? or * to list all spells.
Aiming: Apportation (safe; 1% risk of failure)
Press: ? - help, Dir - move target cursor Apport: a gossamer rune of Zot You feel a surge of power!
Yoink!
You pull the item towards yourself.
You feel you are being watched by something.
You feel your power leaking away. Something barely misses you.
Something closely misses you. Something stings you!
* * * LOW HITPOINT WARNING * * *
The emperor scorpion stings you!
You die...

*#..#.#,,≈,* *
#..^#^##,,,* *
*..≈...#^,,* *
##..≈..≈#,,,* *
#≈......#^,,* *
##^†..≈≈.##..##
*
#≈..#.≈≈≈!#...*
**
#.s##.s.≈.#^..*
*^
#ss#.@≈.≈.#^^#*
*,
#≈.#≈s≈≈!.#..#
*,
#{{##.≈≈..#.^#
*,
##..#^≈≈.^#..##
*,
#..#..≈.##).≈#
*,
##.##.≈.#≈..^#
**
#^≈#.s.#≈..##
#..#^!##≈.≈# **
#≈.####≈≈..# *,


You could see 2 emperor scorpions and a tarantella.

Vanquished Creatures
  A kraken (Shoals:4)
  Gastronok (D:10)
  6 emperor scorpions
  2 ghost moths
  Louise (Shoals:4)
  Nessos (Orc:2)
  A stone giant (Volcano)
  An entropy weaver (Spider:3)
  A minotaur (Gauntlet)
  4 merfolk javelineers
  4 merfolk impalers
  Harold (Orc:1)
  A centaur warrior (D:11)
  3 boulder beetles
  3 hydras
  A merfolk avatar (Shoals:3)
  A tengu warrior (Gauntlet)
  4 catoblepae
  3 merfolk aquamancers
  6 two-headed ogres
  8 death yaks
  An unseen horror (D:12)
  9 sea snakes
  A necromancer (D:13)
  4 orc knights
  21 orb spiders
  18 wolf spiders
  4 cyclopes
  3 orc sorcerers
  3 ugly things (D:14)
  Maurice (D:8)
  2 fauns (Shoals:1)
  6 black mambas
  12 manticores
  4 water nymphs
  12 elephants
  6 merfolk sirens
  5 torpor snails
  2 gargoyles
  11 cane toads
  An efreet (Volcano)
  2 rime drakes
  8 demonic crawlers
  A tengu conjurer (Gauntlet)
  7 komodo dragons
  26 jumping spiders
  20 merfolk
  5 hornets
  6 trolls
  4 wind drakes
  7 dream sheep
  10 blink frogs
  5 snapping turtles
  A meliai zombie (D:13)
  34 redbacks
  A shadow (D:12)
  A spriggan (Lair:4)
  16 tarantellas
  A wraith (D:13)
  A wyvern (Lair:3)
  7 fire bats (Volcano)
  6 water elementals
  43 yaks
  A fire elemental (Volcano)
  Grum (D:10)
  2 basilisks
  3 chaos spawn (D:9)
  4 wargs
  9 soldier ants
  2 large abominations (Gauntlet)
  4 small abominations (Gauntlet)
  7 water moccasins
  3 ice beasts
  2 black bears
  4 sky beasts
  A necrophage (D:13)
  2 eyes of draining
  23 orc warriors
  2 phantoms
  3 centaurs
  12 ogres
  30 wolves
  2 big kobolds
  13 bullfrogs
  A gnoll sergeant (D:7)
  An earth elemental (Volcano)
  A wyvern skeleton (D:11)
  6 scorpions
  13 killer bees (D:10)
  7 wights (D:11)
  5 howler monkeys
  9 lava snakes (Volcano)
  3 centaur zombies
  15 orc priests
  A jelly (D:12)
  6 hounds
  10 orc wizards
  2 bullfrog skeletons
  4 centaur skeletons
  An iguana (D:5)
  6 hell rats (Lair:6)
  14 worker ants
  A hound skeleton (D:8)
  A worker ant zombie (D:11)
  12 gnolls
  7 adders
  A shadow imp (D:9)
  A white imp (D:6)
  2 oozes (D:1)
  2 adder skeletons
  2 worms
  3 dart slugs
  2 leopard geckos
  84 orcs
  2 ball pythons (D:1)
  2 giant cockroaches (D:1)
  6 hobgoblins
  8 jackals
  4 quokkas
  6 bats (D:1)
  3 frilled lizards
  11 goblins
  A jackal skeleton (D:8)
  12 kobolds
  A leopard gecko skeleton (D:4)
  A leopard gecko zombie (D:5)
  A quokka skeleton (D:8)
  4 rats (D:1)
  A bush (Lair:4)
808 creatures vanquished.

Vanquished Creatures (collateral kills)
  A stone giant (Orc:1)
  An orc sorcerer (Orc:1)
  A troll (Orc:1)
  An ogre (Orc:1)
  2 orc wizards (Orc:1)
  2 orcs (Orc:1)
8 creatures vanquished.

Vanquished Creatures (others)
  236 foxfires
  25 fungi
  86 plants
  8 tentacles (Shoals:4)
355 creatures vanquished.

Grand Total: 1171 creatures vanquished

Notes
Turn   | Place    | Note
-------+----------+-------------------------------------------
     0 | D:1      | ipx the Deep Elf Earth Elementalist began the quest for the
                  | Orb.
     0 | D:1      | Reached XP level 1. HP: 10/10 MP: 6/6
    79 | D:1      | Reached XP level 2. HP: 15/15 MP: 0/8
   310 | D:2      | Reached XP level 3. HP: 19/19 MP: 4/9
   315 | D:2      | Learned a level 3 spell: Stone Arrow
   341 | D:2      | Noticed Robin
   806 | D:2      | Reached skill level 1 in Conjurations
   985 | D:3      | Found a radiant altar of Vehumet.
   992 | D:3      | Reached skill level 5 in Earth Magic
   992 | D:3      | Reached XP level 4. HP: 19/24 MP: 7/11
   999 | D:3      | Became a worshipper of Vehumet
  1151 | D:4      | Noticed a wyvern
  1180 | D:4      | Found a broken altar of Ashenzari.
  1181 | D:4      | Found a shimmering altar of Xom.
  1182 | D:4      | Found an ancient bone altar of Kikubaaqudgha.
  1223 | D:4      | Reached XP level 5. HP: 25/28 MP: 8/13
  1298 | D:4      | Reached skill level 5 in Spellcasting
  1438 | D:4      | Reached XP level 6. HP: 24/32 MP: 2/16
  1528 | D:5      | Entered Level 5 of the Dungeon
  1601 | D:5      | Learned a level 2 spell: Passwall
  1633 | D:5      | Found a shadowy altar of Dithmenos.
  1711 | D:6      | Reached * piety under Vehumet
  1711 | D:6      | Offered knowledge of Foxfire by Vehumet.
  1715 | D:6      | Learned a level 1 spell: Foxfire
  1716 | D:6      | Noticed an ice beast
  1720 | D:6      | Found an iron altar of Okawaru.
  1748 | D:6      | Found a sacrificial altar of Ru.
  1765 | D:6      | Reached skill level 1 in Fire Magic
  1833 | D:6      | Found a sand-covered staircase.
  1920 | D:6      | Reached XP level 7. HP: 36/36 MP: 15/19
  1935 | D:6      | Reached skill level 2 in Fire Magic
  1945 | D:6      | Reached skill level 1 in Evocations
  1996 | D:7      | Reached skill level 3 in Fire Magic
  2005 | D:7      | Found a stormy altar of Qazlal.
  2036 | D:7      | Reached skill level 4 in Fire Magic
  2149 | D:7      | Found a staircase to the Ecumenical Temple.
  2280 | D:8      | Reached skill level 5 in Fire Magic
  2280 | D:8      | Reached XP level 8. HP: 41/41 MP: 14/20
  2500 | D:8      | Noticed a two-headed ogre
  2507 | D:8      | Reached ** piety under Vehumet
  2507 | D:8      | Offered knowledge of Freeze by Vehumet.
  2509 | D:8      | Reached skill level 1 in Staves
  2510 | D:8      | Killed a two-headed ogre
  2510 | D:8      | Reached skill level 5 in Evocations
  2519 | D:8      | Reached XP level 9. HP: 45/45 MP: 10/21
  2603 | D:8      | Reached skill level 5 in Dodging
  2707 | D:8      | Noticed Maurice
  2722 | D:8      | Killed Maurice
  2722 | D:8      | Reached skill level 5 in Staves
  2796 | D:9      | Found the +7 mace of Variability {chain chaos}
  2797 | D:9      | Found a shimmering altar of Xom.
  2958 | D:9      | Found a staircase to the Lair.
  3005 | D:10     | Entered Level 10 of the Dungeon
  3005 | D:10     | Found a runed translucent gate.
  3006 | D:10     | Found a runed translucent gate.
  3032 | D:10     | Noticed Grum
  3049 | D:10     | Killed Grum
  3089 | D:10     | Noticed Gastronok
  3110 | D:9      | Reached XP level 10. HP: 50/50 MP: 20/22
  3116 | D:9      | Offered knowledge of Searing Ray by Vehumet.
  3117 | D:9      | Found a staircase to the Orcish Mines.
  3186 | D:10     | Found a runed translucent gate.
  3196 | D:10     | Reached *** piety under Vehumet
  3232 | D:10     | Found a runed translucent door.
  3314 | D:11     | Noticed a two-headed ogre
  3325 | D:11     | Killed a two-headed ogre
  3332 | D:11     | Learned a level 5 spell: Lee's Rapid Deconstruction
  3354 | D:11     | Noticed Snorg
  3425 | D:11     | Offered knowledge of Fulminant Prism by Vehumet.
  3487 | D:12     | Found a transporter.
  3551 | D:12     | Noticed a cyclops
  3559 | D:12     | Found a bloodstained altar of Trog.
  3561 | D:12     | Identified the +3 broad axe of Twilight {drain, MR- MP+9
                  | Dex+2}
  3561 | D:12     | Noticed a tengu warrior
  3565 | D:12     | Noticed a seven-headed hydra
  3570 | D:12     | Noticed Tewugriw's ghost (journeyman DDFi)
  3571 | D:12     | Identified the cursed +2 demon blade of Fuang {vorpal,
                  | Fragile rF+++ Int+4}
  3571 | D:12     | Noticed an orc knight
  3573 | D:12     | Killed a seven-headed hydra
  3591 | D:12     | Found a transporter.
  3688 | D:12     | Reached **** piety under Vehumet
  3707 | D:11     | Noticed a centaur warrior
  3736 | D:11     | Killed a centaur warrior
  3736 | D:11     | Reached XP level 11. HP: 52/54 MP: 19/26
  3826 | D:12     | Killed an unseen horror
  3927 | D:10     | Found the +9 staff of Olgreb {rPois∞}
  3930 | D:10     | Found a runed translucent door.
  3938 | D:10     | Offered knowledge of Conjure Flame by Vehumet.
  3961 | D:10     | Reached skill level 10 in Dodging
  4015 | D:10     | Killed Gastronok
  4015 | D:10     | Reached skill level 10 in Spellcasting
  4015 | D:10     | Reached skill level 10 in Evocations
  4050 | Lair:1   | Entered Level 1 of the Lair of Beasts
  4115 | Lair:1   | Reached skill level 10 in Earth Magic
  4127 | Lair:1   | Reached skill level 1 in Fighting
  4248 | Lair:2   | Reached ***** piety under Vehumet
  4288 | Lair:2   | Found a hole to the Spider Nest.
  4309 | Lair:2   | Offered knowledge of Bolt of Magma by Vehumet.
  4312 | Lair:2   | Reached XP level 12. HP: 64/64 MP: 28/28
  4321 | Lair:2   | Learned a level 5 spell: Bolt of Magma
  4542 | Lair:1   | Noticed a five-headed hydra
  4546 | Lair:2   | Reached skill level 6 in Fire Magic
  4557 | Lair:3   | Noticed a death yak
  4558 | Lair:3   | Noticed a death yak
  4561 | Lair:3   | Noticed a death yak
  4564 | Lair:3   | Killed a death yak
  4564 | Lair:3   | Noticed a death yak
  4569 | Lair:3   | Killed a death yak
  4579 | Lair:3   | Killed a death yak
  4579 | Lair:3   | Reached skill level 5 in Conjurations
  4579 | Lair:3   | Reached skill level 7 in Fire Magic
  4582 | Lair:3   | Killed a death yak
  4615 | Lair:3   | Noticed a catoblepas
  4623 | Lair:3   | Killed a catoblepas
  4623 | Lair:3   | Reached skill level 8 in Fire Magic
  4633 | Lair:3   | Found a dark tunnel.
  4641 | Volcano  | Entered a volcano
  4753 | Volcano  | Reached skill level 9 in Fire Magic
  4755 | Volcano  | Noticed a stone giant
  4761 | Volcano  | HP: 3/68 [stone giant/large rock (28)]
  4775 | Volcano  | Killed a stone giant
  4775 | Volcano  | Reached skill level 5 in Fighting
  4783 | Volcano  | Found a burning altar of Makhleb.
  4886 | Lair:3   | Reached skill level 10 in Fire Magic
  5071 | Lair:4   | Reached XP level 13. HP: 73/73 MP: 25/30
  5250 | Lair:5   | Reached skill level 11 in Fire Magic
  5262 | Lair:5   | Found a gate leading to a gauntlet.
  5273 | Gauntlet | Entered a Gauntlet
  5273 | Gauntlet | Found a transporter.
  5273 | Gauntlet | Found a transporter.
  5273 | Gauntlet | Found a transporter.
  5277 | Gauntlet | Found a transporter.
  5278 | Gauntlet | Found a transporter.
  5278 | Gauntlet | Found a transporter.
  5289 | Gauntlet | Found a transporter.
  5291 | Gauntlet | Found a transporter.
  5291 | Gauntlet | Found a transporter.
  5291 | Gauntlet | Found a transporter.
  5301 | Gauntlet | Found a transporter.
  5303 | Gauntlet | Found a transporter.
  5459 | Gauntlet | Offered knowledge of Starburst by Vehumet.
  5459 | Gauntlet | Reached skill level 1 in Shields
  5467 | Gauntlet | Learned a level 6 spell: Starburst
  5477 | Gauntlet | Got a pitted pewter ring
  5479 | Gauntlet | Identified the ring of Natenoll {Fire rN++ Int+2} (You
                  | found it in a Gauntlet)
  5491 | Gauntlet | Noticed a minotaur
  5495 | Gauntlet | Killed a minotaur
  5621 | Lair:5   | Found a staircase to the Slime Pits.
  5649 | Lair:6   | Entered Level 6 of the Lair of Beasts
  5651 | Lair:6   | Reached skill level 12 in Fire Magic
  5985 | Lair:6   | Reached skill level 13 in Fire Magic
  6054 | Lair:6   | Reached XP level 14. HP: 80/80 MP: 8/31
  6106 | Lair:6   | Found the +3 sling "Punk" {acid, rCorr}
  6262 | Lair:4   | Identified a scroll of acquirement
  6263 | Lair:4   | Acquired the ring of Satisfaction {rCorr Str+4}
  6407 | Lair:2   | Found a staircase to the Shoals.
  6443 | Lair:2   | You fall into a shaft and drop 2 floors!
  6571 | D:10     | Offered knowledge of Irradiate by Vehumet.
  6663 | Orc:1    | Entered Level 1 of the Orcish Mines
  6676 | Orc:1    | Noticed a stone giant
  6701 | Orc:1    | Killed a stone giant
  6832 | Orc:2    | Entered Level 2 of the Orcish Mines
  6843 | Orc:2    | Learned a level 5 spell: Irradiate
  6884 | Orc:2    | Noticed Nessos
  6905 | Orc:2    | Killed Nessos
  6916 | Orc:1    | Found Hujoev's Book Shoppe.
  6962 | Orc:1    | Bought a book of Cantrips for 300 gold pieces
  6964 | Orc:1    | Learned a level 1 spell: Apportation
  7006 | Orc:2    | Found a roughly hewn altar of Beogh.
  7065 | Orc:2    | Found Xyorphich's Weapon Boutique.
  7080 | Orc:2    | Found Aczastraf's Armour Shop.
  7163 | Orc:2    | Reached skill level 14 in Fire Magic
  7335 | Orc:2    | Offered knowledge of Conjure Ball Lightning by Vehumet.
  7402 | Orc:2    | Reached skill level 5 in Stealth
  7440 | Orc:1    | Noticed Harold
  7444 | Orc:1    | Killed Harold
  7488 | Orc:1    | Bought a book of Fire for 975 gold pieces
  7492 | Orc:1    | Learned a level 3 spell: Ignite Poison
  7697 | D:13     | Found a gate to the Vaults.
  7913 | D:15     | Entered Level 15 of the Dungeon
  8053 | D:13     | Noticed Rupert
  8212 | Spider:1 | Entered Level 1 of the Spider Nest
  8224 | Spider:1 | Reached XP level 15. HP: 67/86 MP: 31/32
  8256 | Shoals:1 | Entered Level 1 of the Shoals
  8278 | Shoals:1 | Reached ****** piety under Vehumet
  8344 | Shoals:1 | Learned a level 5 spell: Fireball
  8582 | Shoals:3 | Offered knowledge of Spellforged Servitor by Vehumet.
  8598 | Shoals:3 | Learned a level 7 spell: Spellforged Servitor
  8785 | Shoals:4 | Entered Level 4 of the Shoals
  8835 | Shoals:4 | Noticed Louise
  8840 | Shoals:4 | Killed Louise
  8934 | Shoals:3 | Reached skill level 15 in Fire Magic
  9020 | Shoals:4 | Identified the +6 war axe "Guse" {freeze, Fragile rN+
                  | Dex+4}
  9089 | Shoals:4 | Noticed a kraken
  9096 | Shoals:4 | Reached skill level 15 in Dodging
  9102 | Shoals:4 | Offered knowledge of Iron Shot by Vehumet.
  9122 | Shoals:4 | Learned a level 6 spell: Iron Shot
  9146 | Shoals:4 | Killed a kraken
  9153 | Shoals:4 | Got a barnacled rune of Zot
  9354 | Spider:3 | Reached XP level 16. HP: 92/93 MP: 35/35
  9416 | Spider:4 | Entered Level 4 of the Spider Nest
  9558 | Spider:3 | Reached skill level 16 in Fire Magic
  9594 | Spider:3 | Found a runed translucent gate.
  9594 | Spider:3 | Found a runed translucent gate.
  9595 | Spider:3 | Found a runed translucent gate.
  9834 | Spider:3 | Offered knowledge of Chain Lightning by Vehumet.
 10019 | Spider:3 | Reached skill level 17 in Fire Magic
 10495 | Spider:4 | HP: 2/94 [something (11)]
 10495 | Spider:4 | Mangled by an emperor scorpion

Illustrated notes

Levels and vault maps discovered:
D:1:      dpeg_arrival_long_road, layout_rooms
D:2:      layout_basic, uniq_robin
D:3:      minmay_thinvault, layout_rooms, vehumet_crystals
D:4:      layout_cave_pods, gammafunk_temple_overflow_forgotten,
          minmay_manual_monolith
D:5:      layout_loops_ring, lemuel_crystal_altar, grunt_dithmenos_smoke,
          minmay_misc_feat_chi, st_stairs_14, minmay_misc_feat_encased
D:6:      layout_cave_pools, nicolae_overflow_crystal_walls, kennysheep_mini,
          nicolae_ossuary_entry_plus, serial_bayou_lagoon_a,
          grunt_decor_fettered, st_stairs_5
D:7:      layout_cave_pools, zin_treasury, lemuel_doored_altar,
          minmay_temple_entry_ruins, ebering_ghost_inner_flame, enter_ossuary_1
D:8:      layout_basic, uniq_maurice
D:9:      layout_cave_pods, lemuel_crystal_altar,
          grunt_lair_entry_orc_guard_hut, david_orc_3,
          minmay_guarded_unrand_variability
D:10:     layout_long_grid, minmay_guarded_unrand_staff_of_olgreb,
          uniq_gastronok, uniq_grum
D:11:     layout_loops_ring, serial_glass, glass_columns_c, glass_columns_a,
          minmay_crystal_room, uniq_snorg
D:12:     layout_loops_ring, gammafunk_ghost_wrathful_warriors,
          grunt_ministairs_2
D:13:     layout_loops_corners, david_vaults_1, uniq_rupert
D:14:     layout_loops_ring, zin_angel, dk_noncrumbling_3,
          minmay_misc_feat_roman
D:15:     grunt_enter_depths_snipers, layout_cave_pools, kb_tengu_band
Lair:1:   layout_loops_ring, minmay_lair_oklob_chamber, uniq_maggie
Lair:2:   layout_regular_city, minmay_shoals_entry_centaurs, dummy_spider_entry,
          grunt_forest_large_clearings
Lair:3:   layout_roguey, lightli_volcano_entry_magma_tube,
          ebering_ghost_rock_garden
Lair:4:   layout_cave_pods, grunt_forest_large_clearing_hut
Lair:5:   layout_cave_pods, slime_dummy, gauntlet_entry_generic,
          lemuel_fruit_fields, grunt_megastairs_3
Lair:6:   evilmike_catoblepas_cave, layout_regular_city
Shoals:1: layout_shoals, gammafunk_ghost_wrathful_warriors
Shoals:2: layout_shoals, serial_shops, shop, lemuel_altar_in_water, uniq_ilsuiw
Shoals:3: layout_shoals
Shoals:4: shoals_end_hangedman, layout_shoals, nicolae_shoals_drake_roost,
          uniq_louise
Spider:1: layout_spider_delve, drop_trap, worms_lemuel
Spider:2: layout_spider_delve
Spider:3: layout_chambers, gammafunk_ghost_necromancy, nicolae_orb_island,
          uniq_arachne
Spider:4: grunt_spider_rune_circles, hangedman_stitches_earthworm
Orc:1:    minmay_goldmine, layout_caves, serial_shops, shop_statue, uniq_harold
Orc:2:    pubby_orc_utopia, uniq_nessos

Skill      XL: |  1  2  3  4  5  6  7  8  9 10 11 12 13 14 15 16 |
---------------+-------------------------------------------------+-----
Earth Magic    | 4 5 6 7 8 10 | 10.0
Conjurations   | 1 2 3 4 6 8 9 |  9.0
Spellcasting   | 4 5 6 7 9 10 11 13 14 | 14.4
Fire Magic     | 1 5 10 13 14 15 17 | 17.7
Evocations     | 3 5 7 9 10 11 12 | 12.0
Staves         | 4 6 |  6.0
Dodging        | 4 7 9 11 12 14 15 16 | 16.0
Fighting       | 2 5 6 7 8 |  8.4
Shields        | 4 |  4.0
Stealth        | 6 7 |  7.0
Transmutations | |  1.1

Action                   |  1- 3 |  4- 6 |  7- 9 | 10-12 | 13-15 | 16-18 || total
-------------------------+-------+-------+-------+-------+-------+-------++-------
Melee: Unarmed           |     8 |       |       |       |       |       ||     8
       Trident           |    13 |    38 |       |       |       |       ||    51
       Staff             |       |       |    18 |    65 |   115 |    42 ||   240
Throw: Dart              |       |     5 |       |       |       |       ||     5
 Cast: Sandblast         |    48 |    38 |    37 |   169 |   110 |    14 ||   416
       Stone Arrow       |    12 |    19 |    18 |    32 |    12 |       ||    93
       Foxfire           |       |     9 |    73 |    63 |       |       ||   145
       Passwall          |       |       |     2 |     2 |     5 |       ||     9
       Lee's Rapid Decon |       |       |       |    25 |    30 |       ||    55
       Bolt of Magma     |       |       |       |    14 |   158 |    36 ||   208
       Starburst         |       |       |       |       |    23 |       ||    23
       Apportation       |       |       |       |       |    43 |    11 ||    54
       Ignite Poison     |       |       |       |       |    16 |    24 ||    40
       Fireball          |       |       |       |       |    35 |     6 ||    41
       Irradiate         |       |       |       |       |     1 |       ||     1
Evoke: Wand              |       |       |    15 |    20 |    50 |    21 ||   106
       Lightning rod     |       |       |       |       |     4 |     9 ||    13
       Staff of Olgreb   |       |       |       |       |    45 |    40 ||    85
       Box of beasts     |       |       |       |       |     3 |       ||     3
  Use: Potion            |     2 |     2 |       |     4 |     5 |     1 ||    14
       Scroll            |     5 |     3 |     6 |    10 |    15 |     8 ||    47
 Stab: Sleeping          |       |     1 |       |       |     1 |       ||     2
       Paralysed         |       |       |    11 |    29 |     1 |     4 ||    45
       Distracted        |       |       |       |       |     1 |       ||     1
Armor: Leather armour    |    24 |     6 |     4 |    28 |       |       ||    62
       Robe              |       |       |       |       |    32 |    46 ||    78
       Troll leather arm |       |       |       |       |     4 |       ||     4
Dodge: Dodged            |    44 |    31 |    16 |   104 |   184 |   181 ||   560
Block: Buckler           |       |       |       |       |    79 |    45 ||   124

Table legend: (Time is in decaauts)
 A = Elapsed time spent in this place.
 B = Non-inter-level travel time spent in this place.
 C = Inter-level travel time spent in this place.
 D = Time resting spent in this place.
 E = Time spent auto-exploring this place.
 F = Levels seen in this place.
 G = Mean time per level.
                   A        B        C        D        E       F      G
               +--------+--------+--------+--------+--------+-----+--------+
         Total |  11349 |  11237 |    112 |      0 |      0 |  33 |  343.9 |
       Dungeon |   4862 |   4773 |     89 |      0 |      0 |  15 |  324.1 |
          Lair |   2355 |   2355 |      0 |      0 |      0 |   6 |  392.5 |
        Shoals |   1270 |   1270 |      0 |      0 |      0 |   4 |  317.5 |
   Spider Nest |   1471 |   1448 |     23 |      0 |      0 |   4 |  367.8 |
  Orcish Mines |    941 |    941 |      0 |      0 |      0 |   2 |  470.5 |
       Volcano |    175 |    175 |      0 |      0 |      0 |   1 |  175.0 |
      Gauntlet |    272 |    272 |      0 |      0 |      0 |   1 |  272.0 |
               +--------+--------+--------+--------+--------+-----+--------+

Top non-repeatable levels by time:
Spider:3: 1070 daAuts
   Orc:2: 622 daAuts
  Lair:6: 599 daAuts
  Lair:2: 530 daAuts
     D:8: 526 daAuts
Shoals:3: 492 daAuts
  Lair:4: 462 daAuts
     D:1: 460 daAuts
     D:9: 434 daAuts
    D:10: 433 daAuts
     D:2: 426 daAuts
     D:4: 403 daAuts
    D:11: 365 daAuts
    D:12: 336 daAuts
  Lair:3: 333 daAuts
